 Dungeon Crawl Stone Soup version 0.20.1-1-g8b1a95d (webtiles) character file.

116 Linguinho the Chucker (level 4, -9/42 HPs)
             Began as a Troll Hunter on Nov 14, 2017.
             Mangled by a two-headed ogre
             ... wielding a +0 giant club
              (22 damage)
             ... on level 4 of the Dungeon.
             The game lasted 00:02:03 (1009 turns).

Linguinho the Chucker (Troll Hunter)                Turns: 1009, Time: 00:02:04

Health: -9/42      AC:  5    Str: 21    XL:     4   Next: 70%
Magic:  3/3        EV: 10    Int:  7    God:
Gold:   104        SH:  0    Dex: 10    Spells: 3/3 levels left

rFire    . . .     SeeInvis .     - Unarmed
rCold    . . .     Gourm    +   (no shield)
rNeg     . . .     Faith    .   b - +0 robe
rPois    .         Spirit   .   (helmet restricted)
rElec    .         Reflect  .   (no cloak)
rCorr    .         Harm     .   (gloves unavailable)
MR       .....                  (boots unavailable)
Stlth    +.........             (no amulet)
Regen    0.6/turn               (no ring)
MPRegen  0.1/turn               (no ring)

@: no status effects
A: unfitting armour, claws 3, fast metabolism 3, gourmand, regeneration 1,
shaggy fur 1, tough skin 2
a: no special abilities


You were on level 4 of the Dungeon.
You were completely stuffed.

You visited 1 branch of the dungeon, and saw 3 of its levels.

You collected 104 gold pieces.

Inventory:

Missiles
 c - 5 large rocks
 d - 2 throwing nets
 i - 7 javelins (quivered)
Armour
 b - a +0 robe (worn)
Jewellery
 h - a +3 ring of strength {unknown}
 j - an uncursed amulet of magic regeneration {unknown}
Scrolls
 k - a scroll of fear {unknown}
 m - 3 scrolls of enchant weapon {unknown}
 p - a scroll of identify {unknown}
 q - a scroll of recharging {unknown}
 s - a scroll of fog {unknown}
Potions
 a - a potion of mutation {unknown}
 e - 2 potions of heal wounds {unknown}
 g - 3 potions of berserk rage {unknown}
 r - a potion of agility {unknown}
Comestibles
 f - 2 bread rations
 n - a royal jelly
 o - a meat ration


   Skills:
 + Level 1.7 Fighting
 + Level 4.2 Throwing
 + Level 2.3 Dodging
 + Level 0.4 Stealth
 * Level 2.7 Unarmed Combat


You had 3 spell levels left.
You didn't know any spells.

Dungeon Overview and Level Annotations

Branches:
Dungeon (4/15)
 Temple: D:4-7

Altars:
Nemelex Xobeh
Qazlal
Uskayaw


Innate Abilities, Weirdness & Mutations

You are too large for most types of armour.
You have claws for hands.
Your metabolism is lightning-fast.
You like to eat raw meat.
Your natural rate of healing is unusually fast.
You are covered in fur. (AC +1)
You have very tough skin. (AC +2)


Message History

Eating one of 6 chunks of flesh.
You eat one of the 6 chunks of flesh.
This raw flesh tastes great.
You now have 104 gold pieces (gained 1).
You found a shaft!
A two-headed ogre comes into view.
It is wielding a giant club and a giant spiked club.
The two-headed ogre shouts in stereo!
Found 24 stones.
A two-headed ogre is nearby!
A two-headed ogre is nearby!
The two-headed ogre barely misses you. x2
Found a scroll labeled VOJISHR HEOVVEIGRE.
All of the chunks of flesh in your inventory have rotted away.
The two-headed ogre closely misses you.
The two-headed ogre hits you with a giant spiked club!
There is a stone staircase leading down here.
The two-headed ogre hits you with a giant club!!
Ouch! That really hurt!
The two-headed ogre hits you with a giant spiked club!!
Ouch! That really hurt!
You die...

._......>................#######
⌠.⌠.######...............# #...#
#...............# #####
#...............#
#..............##
#...<.........##
#..............#
#......O.......#
#......@.......#
#####..........# #..........#
##........## ##......## ########


You could see a two-headed ogre.

Vanquished Creatures
  2 worker ants (D:4)
  A hound skeleton (D:4)
  An adder (D:4)
  A worm (D:1)
  A dart slug (D:1)
  2 leopard geckos
  A giant cockroach (D:1)
  5 goblins
  8 jackals
  A ball python (D:1)
  7 bats (D:1)
  6 kobolds
  5 rats
41 creatures vanquished.

Notes
Turn   | Place    | Note
-------+----------+-------------------------------------------
     0 | D:1      | Linguinho the Troll Hunter began the quest for the Orb.
     0 | D:1      | Reached XP level 1. HP: 19/19 MP: 0/0
   133 | D:1      | Reached XP level 2. HP: 27/27 MP: 1/1
   250 | D:1      | Reached skill level 4 in Throwing
   305 | D:1      | Reached skill level 1 in Unarmed Combat
   312 | D:1      | Reached XP level 3. HP: 35/35 MP: 2/2
   568 | D:2      | Found a hide-covered altar of Uskayaw.
   702 | D:2      | You fall through a shaft for 2 floors!
   723 | D:4      | Reached XP level 4. HP: 33/42 MP: 3/3
   740 | D:4      | Found a stormy altar of Qazlal.
   813 | D:4      | Found a sparkling altar of Nemelex Xobeh.
   961 | D:4      | Noticed a two-headed ogre
  1009 | D:4      | Mangled by a two-headed ogre

Skill      XL: |  1  2  3  4 |
---------------+-------------+-----
Throwing       | 4 |  4.2
Unarmed Combat | 1 2 |  2.7
Dodging        | 2 |  2.3
Fighting       | |  1.7
Stealth        | |  0.4

Action                   |  1- 3 |  4- 6 || total
-------------------------+-------+-------++-------
Melee: Unarmed           |   102 |    13 ||   115
Throw: Javelin           |     4 |       ||     4
 Stab: Sleeping          |       |     1 ||     1
  Eat: Chunk             |    12 |     3 ||    15
Armor: Robe              |    61 |     6 ||    67
Dodge: Dodged            |    99 |     5 ||   104
